Selects Panzerjäger Kommand Battlegroup
Selects Panzerjäger Kommand Battlegroup
Construct Light Support Kompanie
Selects GrB 39 Grenade Launcher Requisition
Panzerjäger Mechanized Group
Selects Crew Shock Tactics
Pak 38 Anti-tank Gun Team
Construct Panzerarmee Kommand
Pak 38 Anti-tank Gun Team
Selects Butterfly Bomb Drop
Walking Stuka Rocket Launcher
Walking Stuka Rocket Launcher
Selects Elefant Tank Destroyer
Walking Stuka Rocket Launcher
Flak 36 Anti-tank Gun Team